Construct Section Command Post
Construct Platoon Command Post
Selects Heavy Armor Battlegroup
Selects Light Vehicle Withdraw and Refit
Light Vehicle Withdraw and Refit
Unlock M3 Stuart Light Tanks
Construct Field Infirmary
6-pounder Anti-tank Gun Team
Selects Engineer Detachments
Light Vehicle Withdraw and Refit
Construct Company Command Post
Selects Forward Repair Assembly
Selects UNKNOWN (2162094)
Selects Designate Targets
6-pounder Anti-tank Gun Team